Map: [ESL] Site Delta

Players

ShoWTimE

  • Race: Protoss Protoss
  • Spawn Location: 5:00

Reynor - Winner!

  • Race: Zerg Zerg
  • Spawn Location: 11:00

Event: ESL SC2 Masters 2023 Winter (Regional)

VOD

Have the link to the VOD?

Description

Time

  • Played on: Nov. 17, 2023, 1:21 p.m.
  • Length: 19:15

All games in this series

Show
View Real Time Build Order
Export as new Build Order

ShoWTimE Protoss 

Build Orders: 1 Gate Expand, Oracle Opening, Archon Immortal 

Get SALT Encoding   

  12  0:00  Probe  
  13  0:12  Probe  
  14  0:19  Pylon  
  14  0:24  Probe  
  15  0:37  Probe (Chrono Boost)  
  15  0:40  Gateway  
  16  0:46  Probe (Chrono Boost)  
  16  0:48  Assimilator  
  17  0:52  Probe (Chrono Boost)  
  18  1:04  Probe  
  19  1:16  Probe  
  20  1:25  Nexus  
  20  1:28  Probe  
  21  1:37  Cybernetics Core  
  21  1:43  Assimilator  
  21  1:45  Probe  
  22  1:51  Pylon  
  22  1:57  Probe  
  23  2:10  Probe  
  23  2:11  Adept (Chrono Boost)  
  26  2:20  Stargate  
  26  2:22  Probe  
  27  2:28  Warp Gate  
  27  2:33  Adept  
  27  2:34  Probe (Chrono Boost)  
  30  2:37  Probe (Chrono Boost)  
  32  2:46  Probe (Chrono Boost)  
  32  2:47  Probe (Chrono Boost)  
  32  2:50  Probe (Chrono Boost)  
  33  2:52  Probe (Chrono Boost)  
  35  3:00  Probe  
  35  3:03  Stalker  
  35  3:04  Probe  
  39  3:07  Oracle (Chrono Boost)  
  39  3:12  Probe  
  43  3:16  Pylon, Probe  
  44  3:24  Probe  
  45  3:28  Gateway, Probe  
  46  3:35  Oracle (Chrono Boost)  
  46  3:36  Probe  
  46  3:40  Probe  
  51  3:51  Pylon  
  51  3:53  Nexus, Probe  
  51  3:55  Probe  
  53  3:59  Assimilator  
  53  4:01  Assimilator  
  53  4:05  Probe  
  53  4:08  Oracle (Chrono Boost)  
  53  4:09  Probe  
  58  4:17  Probe  
  58  4:21  Probe  
  60  4:26  Forge  
  60  4:27  Twilight Council  
  60  4:29  Pylon  
  60  4:30  Probe  
  61  4:39  Probe  
  61  4:41  Gateway  
  61  4:42  Gateway  
  62  4:47  Probe  
  62  4:48  Adept x2  
  62  4:51  Probe  
  68  4:57  Gateway  
  68  4:59  Probe  
  69  5:03  Probe  
  69  5:04  Probe  
  71  5:11  Robotics Facility  
  71  5:13  Probe (Chrono Boost)  
  72  5:16  Sentry x2, Probe x2 (Chrono Boost)  
  78  5:26  Probe (Chrono Boost)  
  78  5:27  Probe (Chrono Boost)  
  78  5:28  Probe (Chrono Boost)  
  81  5:31  Probe x2 (Chrono Boost)  
  81  5:32  Blink (Chrono Boost)  
  81  5:35  Probe  
  82  5:37  Shield Battery  
  82  5:38  Protoss Ground Weapons Level 1 (Chrono Boost)  
  82  5:39  Assimilator, Pylon  
  82  5:40  Assimilator  
  82  5:42  Probe  
  81  5:43  Probe  
  81  5:44  Pylon  
  81  5:46  Shield Battery  
  81  5:47  Probe  
  83  5:51  Gateway  
  83  5:54  Probe  
  83  5:55  Probe  
  85  5:59  Probe  
  85  6:03  Stalker x2  
  85  6:04  Pylon  
  90  6:07  Robotics Bay  
  90  6:09  Robotics Facility  
  90  6:13  Probe  
  89  6:20  Observer (Chrono Boost)  
  89  6:23  Pylon  
  88  6:26  Gateway  
  88  6:27  Gateway  
  88  6:29  Stalker x2  
  92  6:32  Immortal (Chrono Boost)  
  92  6:39  Stalker x2  
  100  6:43  Pylon  
  100  6:54  Stalker x3  
  104  7:00  Gateway  
  112  7:01  Gateway  
  112  7:03  Colossus (Chrono Boost)  
  112  7:10  Charge  
  112  7:11  Colossus (Chrono Boost)  
  118  7:22  Pylon  
  118  7:25  Nexus  
  118  7:28  Probe x3, Pylon  
  121  7:31  Protoss Ground Weapons Level 2 (Chrono Boost)  
  121  7:33  Zealot x2  
  124  7:37  Templar Archives  
  124  7:40  Probe x2  
  126  7:47  Probe, Colossus (Chrono Boost)  
  126  7:49  Photon Cannon  
  133  7:51  Shield Battery  
  133  7:52  Probe x2  
  135  7:58  Photon Cannon  
  135  7:59  Shield Battery, Probe  
  136  8:07  Gateway  
  136  8:10  Gateway  
  136  8:12  Gateway  
  136  8:21  Assimilator  
  136  8:23  Pylon  
  136  8:25  Pylon  
  136  8:26  Assimilator  
  136  8:30  Photon Cannon  
  136  8:33  Photon Cannon, Colossus (Chrono Boost)  
  136  8:34  Immortal (Chrono Boost)  
  140  8:38  High Templar  
  148  8:42  High Templar  
  148  8:46  Archon  
  150  8:49  Psionic Storm  
  150  8:58  Pylon  
  150  9:04  High Templar  
  150  9:06  Immortal (Chrono Boost)  
  156  9:10  Photon Cannon  
  156  9:14  High Templar, Photon Cannon  
  158  9:17  Photon Cannon  
  158  9:18  High Templar  
  158  9:20  Immortal  
  158  9:23  Gateway  
  164  9:24  Gateway  
  164  9:27  High Templar  
  166  9:37  Photon Cannon, Pylon  
  166  9:39  High Templar x2, Photon Cannon  
  166  9:40  Protoss Shields Level 1 (Chrono Boost)  
  166  9:41  Zealot x5  
  166  9:43  Archon  
  180  9:50  Pylon  
  180  9:52  Pylon x2  
  180  9:54  Warp Prism (Chrono Boost)  
  180  9:58  High Templar x2  
  186  10:02  Zealot, Archon  
  188  10:09  Observer (Chrono Boost)  
  188  10:13  Zealot x5  
  195  10:24  Extended Thermal Lance (Chrono Boost)  
  189  10:33  Nexus  
  189  10:34  Pylon  
  185  10:46  High Templar x4  
  185  10:47  High Templar  
  185  10:48  High Templar  
  185  10:49  Zealot  
  197  10:50  Zealot  
  197  10:51  Archon x2  
  197  10:52  Archon  
  189  11:02  Zealot x5  
  195  11:18  Archon x2  
  175  11:19  Stalker x3, Protoss Ground Weapons Level 3 (Chrono Boost)  
  175  11:20  Stalker x4  
  175  11:22  Zealot x6  
  193  11:40  Photon Cannon  
  193  11:41  Zealot x3  
  197  12:00  Zealot x4  
  175  12:02  Zealot x3  
  175  12:03  Zealot x5  
  175  12:04  Immortal (Chrono Boost)  
  175  12:05  Zealot  
  140  12:09  Probe x3  
  140  12:11  Immortal (Chrono Boost)  
  135  12:21  High Templar x4  
  135  12:22  High Templar x2  
  145  12:23  Zealot x5  
  145  12:26  Archon x3  
  145  12:29  Stalker  
  157  12:31  Probe  
  157  12:34  Probe x2  
  157  12:35  Probe  
  161  12:38  High Templar x3, Immortal (Chrono Boost)  
  161  12:43  Warp Prism (Chrono Boost)  
  171  12:47  High Templar x2  
  171  12:48  Probe  
  171  12:49  Probe  
  179  12:51  Archon  
  179  12:52  Photon Cannon  
  179  12:54  Shield Battery  
  179  12:55  Probe  
  179  12:58  Photon Cannon  
  180  12:59  Pylon  
  180  13:12  Zealot x4  
  180  13:13  Zealot x4  
  200  13:20  Immortal  
  200  13:25  Assimilator  
  200  13:30  Assimilator  
  198  13:45  Protoss Ground Armor Level 1  
  198  13:59  Zealot  
  184  14:26  Fleet Beacon  
  184  14:28  Immortal (Chrono Boost)  
  184  14:29  Archon  
  184  14:30  Immortal (Chrono Boost)  
  168  14:33  High Templar x3  
  168  14:34  High Templar x5, Zealot x7  
  140  14:50  Archon x2  
  140  14:56  High Templar x2  
  140  14:57  High Templar x2  
  140  14:59  Immortal (Chrono Boost)  
  148  15:00  Archon, Immortal (Chrono Boost)  
  148  15:02  Stalker x3  
  148  15:06  Stalker x3  
  164  15:07  Stalker  
  164  15:12  Stalker x2  
  144  15:15  Stalker  
  130  15:21  Stalker  
  130  15:25  Archon  
  130  15:26  Stalker x3  
  117  15:29  Stalker  
  117  15:30  Zealot x6  
  117  15:31  Probe x3  
  117  15:32  Probe  
  117  15:34  Immortal (Chrono Boost)  
  135  15:36  Immortal (Chrono Boost)  
  135  15:40  Zealot x3  
  147  15:45  Zealot  
  133  15:53  Zealot x6  
  133  15:56  Zealot x2  
  138  15:59  Zealot x2  
  138  16:01  Zealot x3  
  138  16:04  Immortal (Chrono Boost)  
  131  16:09  High Templar  
  133  16:14  High Templar  
  131  16:18  Stalker x3  
  131  16:19  Zealot x3  
  131  16:24  Zealot x2  
  130  16:28  Zealot x2  
  130  16:32  Zealot  
  111  16:35  Stalker  
  104  16:40  Probe x3  
  104  16:44  High Templar  
  104  16:45  Zealot x2  
  108  16:48  High Templar  
  108  16:50  Zealot  
  108  16:54  Archon  
  108  16:55  Immortal (Chrono Boost)  
  112  17:03  Probe  
  112  17:04  Probe  
  114  17:09  Zealot x5  
  122  17:17  Assimilator  
  122  17:18  Immortal (Chrono Boost)  
  126  17:23  Zealot x2  
  126  17:29  High Templar x2  
  134  17:33  Archon  
  134  17:34  Zealot x3  
  134  17:36  Zealot  
  142  17:40  Zealot  
  142  17:43  Zealot x2  
  103  17:58  Zealot x4  
  106  18:06  High Templar x2, Zealot  
  106  18:07  Zealot  
  106  18:11  Archon  
  114  18:16  Immortal (Chrono Boost)  
  100  18:20  Stalker  
  88  18:32  High Templar x2  
  88  18:33  Zealot x2  
  94  18:36  Archon  
  94  18:44  Immortal (Chrono Boost)  
  98  18:59  Zealot x2  
  98  19:06  Zealot  
Show
View Real Time Build Order
Export as new Build Order

Reynor Zerg - Winner!

Build Orders: Hatch First 

Get SALT Encoding   

  12  0:00  Drone  
  13  0:11  Overlord  
  13  0:16  Drone  
  14  0:29  Drone  
  14  0:30  Drone  
  16  0:41  Drone  
  17  0:51  Hatchery  
  17  0:54  Drone  
  17  0:57  Drone  
  18  1:08  Extractor  
  17  1:13  Spawning Pool  
  17  1:16  Drone  
  17  1:20  Drone  
  18  1:27  Drone  
  19  1:38  Drone  
  20  1:48  Overlord  
  20  1:59  Queen  
  22  2:03  Zergling x2, Queen  
  22  2:04  Zergling x2  
  26  2:10  Drone  
  26  2:13  Drone  
  28  2:20  Metabolic Boost  
  28  2:21  Drone  
  29  2:26  Drone  
  30  2:37  Queen  
  30  2:43  Hatchery  
  31  2:45  Drone  
  31  2:48  Overlord  
  31  2:51  Zergling x2  
  33  2:53  Drone  
  33  2:56  Drone  
  33  2:57  Drone  
  36  3:06  Queen  
  36  3:07  Drone  
  36  3:09  Drone  
  40  3:13  Drone x2  
  40  3:18  Zergling x2  
  43  3:20  Zergling x2  
  43  3:24  Overlord  
  43  3:28  Drone, Spore Crawler  
  43  3:32  Drone  
  44  3:39  Overlord  
  44  3:42  Queen  
  44  3:44  Queen  
  44  3:45  Drone x2  
  44  3:47  Drone  
  44  3:48  Drone  
  52  3:55  Spore Crawler  
  52  3:56  Queen  
  52  3:58  Drone  
  52  4:00  Drone  
  52  4:02  Drone  
  56  4:04  Drone  
  56  4:11  Drone x2  
  56  4:12  Drone  
  56  4:15  Zergling x6  
  56  4:16  Overlord  
  60  4:20  Drone x2  
  60  4:21  Drone  
  60  4:24  Drone  
  63  4:26  Drone  
  63  4:28  Drone  
  65  4:33  Evolution Chamber  
  65  4:34  Drone, Spore Crawler  
  65  4:37  Drone  
  65  4:38  Drone  
  66  4:46  Drone  
  66  4:48  Zergling x6  
  66  4:49  Drone, Overlord  
  66  4:52  Drone x3  
  72  4:57  Drone  
  73  5:00  Drone, Spore Crawler  
  73  5:08  Overlord  
  73  5:09  Drone x3  
  76  5:15  Zergling x2  
  76  5:16  Zergling x2  
  76  5:17  Overlord  
  76  5:18  Drone x3  
  76  5:19  Hatchery  
  79  5:21  Lair  
  79  5:22  Drone x2  
  79  5:24  Drone  
  82  5:31  Drone x2  
  82  5:32  Spore Crawler  
  82  5:33  Drone x2  
  82  5:35  Drone x2  
  84  5:36  Drone  
  84  5:37  Drone  
  84  5:40  Extractor  
  84  5:41  Zerg Melee Weapons Level 1  
  84  5:42  Extractor  
  84  5:43  Overlord  
  84  5:44  Drone  
  84  5:45  Drone  
  84  5:48  Drone x2  
  84  5:49  Drone  
  89  5:53  Drone x3  
  89  5:54  Extractor, Overlord  
  91  6:02  Drone x4  
  93  6:06  Drone x2  
  93  6:07  Drone  
  93  6:11  Overlord  
  96  6:16  Drone x4  
  96  6:18  Drone x3  
  102  6:22  Overlord  
  102  6:24  Drone, Extractor  
  101  6:26  Extractor  
  101  6:27  Queen  
  101  6:28  Drone, Baneling Nest  
  101  6:31  Drone  
  101  6:32  Hydralisk Den  
  102  6:34  Drone  
  102  6:37  Queen  
  104  6:40  Zergling x6  
  104  6:41  Roach Warren  
  104  6:42  Zergling x2, Baneling Nest  
  104  6:44  Zergling x6  
  110  6:50  Spore Crawler  
  110  6:52  Zergling x8  
  110  6:53  Drone x2  
  112  6:56  Drone x2  
  112  6:57  Drone x2  
  112  6:58  Evolution Chamber  
  112  6:59  Overlord  
  114  7:15  Drone x2  
  115  7:20  Overlord  
  116  7:25  Roach x6  
  116  7:26  Glial Reconstitution  
  116  7:27  Hatchery  
  116  7:28  Zerg Ground Armor Level 1, Centrifugal Hooks  
  126  7:35  Zergling x2, Roach x2  
  126  7:36  Zergling x14  
  137  7:37  Zerg Melee Weapons Level 2  
  137  7:39  Drone  
  137  7:40  Drone x3  
  137  7:41  Extractor  
  137  7:43  Drone  
  141  7:45  Infestation Pit  
  141  7:49  Zergling x2, Roach  
  141  7:50  Overlord x3  
  143  7:54  Overlord  
  143  7:58  Overlord  
  143  7:59  Spine Crawler  
  143  8:05  Overlord  
  142  8:06  Ravager  
  142  8:09  Pneumatized Carapace  
  142  8:10  Drone  
  144  8:16  Roach x6  
  144  8:17  Overseer  
  144  8:18  Zergling x16  
  164  8:22  Hive  
  164  8:24  Extractor  
  163  8:29  Ravager  
  163  8:30  Ravager  
  163  8:33  Zergling x16  
  173  8:51  Baneling x16  
  173  8:53  Drone x6  
  179  8:57  Spine Crawler  
  179  9:01  Zergling x24, Spine Crawler  
  189  9:06  Overlord  
  189  9:07  Baneling  
  189  9:08  Baneling x16  
  188  9:10  Baneling x9  
  188  9:12  Baneling x2  
  188  9:16  Spore Crawler  
  187  9:19  Drone x2  
  187  9:20  Spine Crawler x2  
  187  9:22  Spine Crawler  
  186  9:37  Roach x3  
  192  9:43  Drone  
  193  9:46  Adrenal Glands  
  193  9:47  Ultralisk Cavern  
  193  9:49  Viper  
  193  9:51  Viper  
  198  9:56  Spine Crawler x3  
  195  10:05  Zergling x8  
  199  10:09  Zerg Melee Weapons Level 3  
  199  10:10  Zerg Ground Armor Level 2  
  195  10:23  Ravager x2  
  195  10:24  Ravager x2  
  197  10:41  Zergling x6  
  198  10:46  Chitinous Plating  
  198  10:48  Zergling x4  
  199  10:54  Zergling x6  
  198  11:00  Zergling x2  
  198  11:03  Zergling x8  
  199  11:08  Baneling  
  199  11:09  Baneling x21  
  193  11:13  Zergling x34  
  193  11:14  Zergling x30  
  193  11:15  Zergling x6  
  193  11:18  Zergling x2, Ultralisk  
  185  11:19  Zergling x16  
  185  11:22  Zergling x4  
  190  11:32  Zergling x6, Ultralisk  
  193  11:39  Zergling x4  
  191  11:43  Overlord  
  191  11:47  Overlord  
  191  11:48  Hatchery  
  191  11:52  Overlord  
  187  12:00  Overlord  
  158  12:02  Zergling x16, Ultralisk x3  
  158  12:03  Zergling x4  
  158  12:04  Anabolic Synthesis  
  158  12:05  Zergling x4  
  148  12:10  Zergling x6  
  148  12:13  Zergling x2  
  148  12:15  Zergling x4, Ultralisk  
  137  12:25  Drone  
  137  12:26  Drone x6  
  150  12:37  Ultralisk  
  150  12:41  Drone x5  
  155  12:44  Queen  
  155  12:48  Neural Parasite  
  157  13:00  Infestor x2  
  157  13:05  Zergling x20  
  169  13:19  Ultralisk x2  
  181  13:20  Zergling x14  
  181  13:26  Infestor  
  185  13:27  Zergling x4  
  185  13:29  Queen  
  193  13:36  Infestor  
  193  13:40  Spore Crawler  
  194  13:49  Infestor  
  194  13:55  Zergling x6  
  195  14:14  Zergling x4, Ultralisk  
  162  14:32  Ultralisk x2  
  162  14:33  Zergling x30  
  162  14:37  Zergling x2, Ultralisk  
  162  14:38  Zergling x6  
  195  14:41  Zergling x6  
  198  14:48  Queen  
  196  15:07  Hatchery  
  160  15:15  Ultralisk x2  
  160  15:18  Zergling x24  
  160  15:20  Zergling x2  
  164  15:26  Ultralisk  
  164  15:27  Zergling x2  
  153  15:35  Queen x2  
  142  15:37  Zergling x4, Ultralisk  
  142  15:38  Zergling x2  
  155  15:48  Zergling x8  
  151  15:54  Zergling x2, Ultralisk  
  153  15:59  Zergling x4  
  153  16:04  Zergling x4  
  155  16:11  Zergling x2, Ultralisk  
  155  16:12  Zergling x4  
  155  16:16  Queen  
  155  16:17  Queen  
  160  16:20  Zergling x4  
  160  16:24  Zergling x4  
  158  16:30  Zergling x2, Ultralisk  
  138  16:34  Zergling x4  
  130  16:40  Queen  
  130  16:41  Zergling x4  
  130  16:46  Zergling x4  
  122  16:53  Zergling x2, Ultralisk  
  127  16:58  Zergling x8  
  131  17:07  Ultralisk  
  136  17:13  Baneling x4  
  136  17:14  Baneling x3  
  136  17:15  Zergling x4  
  138  17:25  Ultralisk  
  144  17:32  Ultralisk  
  147  17:41  Zergling x18  
  132  17:53  Zergling x20  
  132  17:57  Zergling x4  
  132  17:58  Zergling x4  
  113  18:08  Ultralisk  
  119  18:13  Ultralisk  
  119  18:15  Zergling x4  
  119  18:18  Zergling x4  
  115  18:21  Zergling x2  
  115  18:22  Zergling x4  
  115  18:24  Zergling x2  
  115  18:26  Zergling x4  
  113  18:28  Zergling x2  
  113  18:33  Zergling x4, Infestor  
  117  18:39  Zergling x8  
  117  18:40  Zergling x2  
Tags
 
Add a new tag
Caveats
  • Supply blocks, unpowered buildings, or Contaminate may cause inaccurate times.
  • Supply counts are checked every 10 seconds.